 Dungeon Crawl Stone Soup version 0.15-a0-60-g2d7d1c5 (webtiles) character file.

335 4tharraofdagon the Cudgeler (level 6, 5/59 HPs)
             Began as a Troll Gladiator on Apr 6, 2014.
             Was an Initiate of Cheibriados.
             Quit the game on Level 7 of the Dungeon.
             The game lasted 00:04:00 (698 turns).

4tharraofdagon the Cudgeler (Troll Gladiator)        Turns: 698, Time: 00:04:00

HP   5/59        AC  5     Str 26      XL: 6   Next:  8%
MP   4/4         EV 10     Int  6      God: Cheibriados [......]
Gold 48          SH  0     Dex 11      Spells:  0 memorised,  5 levels left

rFire  . . .     SeeInvis .     m - +1 flail (holy)
rCold  . . .     Clarity  .     b - +0 animal skin
rNeg   . . .     Conserve .     (shield restricted)
rPois  .         rCorr    .     c - +0 hat
rElec  .         rRot     .     (no cloak)
SustAb . .       Spirit   .     (gloves unavailable)
rMut   .         Warding  .     (boots unavailable)
Gourm  +         Stasis   .     (no amulet)
MR     .....                    (no ring)
                                e - ring of teleport control

@: lethally poisoned, very slow, not resistant to hostile enchantments,
unstealthy
A: unfitting armour, claws 3, fast metabolism 3, gourmand, regeneration 2,
saprovore 2, shaggy fur 1, tough skin 2
a: Bend Time, Renounce Religion, Evoke Teleport Control


You were on level 7 of the Dungeon.
You worshipped Cheibriados.
Cheibriados was noncommittal.
You were completely stuffed.

You visited 2 branches of the dungeon, and saw 8 of its levels.

You collected 48 gold pieces.

Inventory:

Hand weapons
 a - a +0,+0 flail
 m - a +1,+1 flail of holy wrath (weapon)
Missiles
 d - a throwing net (quivered)
Armour
 b - a +0 animal skin (worn)
 c - a +0 hat (worn)
Comestibles
 f - 3 meat rations
 i - a choko
 k - an orange
Scrolls
 g - a scroll of recharging {unknown}
 h - a scroll of remove curse {unknown}
 l - a scroll of teleportation
 n - a scroll of random uselessness {unknown}
Jewellery
 e - a ring of teleport control (left claw)


   Skills:
 + Level 2.9 Fighting
 * Level 4.9 Maces & Flails
 - Level 1.7 Throwing
 + Level 2.9 Dodging
 + Level 1.5 Invocations


You had 5 spell levels left.
You didn't know any spells.

Dungeon Overview and Level Annotations

Branches:
Dungeon (7/15)             Temple (1/1) D:7

Altars:
Ashenzari
Cheibriados
Dithmenos
Elyvilon
Fedhas
Kikubaaqudgha
Makhleb
Okawaru
Vehumet
Xom
Yredelemnul
Zin


Innate Abilities, Weirdness & Mutations

You are too large for most types of armour.
You have claws for hands.
Your metabolism is lightning-fast.
You like to eat raw meat.
You heal very quickly.
You can eat rotten meat.
You are covered in fur (AC +1).
You have very tough skin (AC +2).


Message History

Your surroundings seem slightly different.
You feel sick.
The centaur shoots a poisoned arrow.
The poisoned arrow hits you!
Found a club.
Found an escape hatch in the floor.
You see here a poisoned arrow.
Unknown command.
Drink which item? (? for menu, Esc to quit)
You feel better.
It was a potion of curing.
The centaur shoots a poisoned arrow.
The poisoned arrow hits you!
You are poisoned.
* * * LOW HITPOINT WARNING * * *
The centaur shoots a poisoned arrow.
The poisoned arrow hits you!
You are more poisoned.
* * * LOW HITPOINT WARNING * * *
Unknown command.
Unknown command.
Are you sure you want to abandon this character and quit the game? (Confirm with "yes".)
Okay, then.
Unknown command.
Are you sure you want to abandon this character and quit the game? (Confirm with "yes".)

...............#..
...................
.).................
.....................
......................
..........>#..........
>..........#...h.......
..............(<........
).....>.@...#...........
.............).........
####.##..........?.... #
#...............
.....c..#######
#.......# #.......#
#......)# #..


You could see a centaur.

Vanquished Creatures
  An ice beast (D:7)
  A black bear (D:7)
  A crimson imp (D:5)
  A worker ant (D:7)
  An ogre skeleton (D:5)
  2 adders
  A worm (D:7)
  An ooze (D:2)
  An orc (D:7)
  A bat (D:7)
  A bat skeleton (D:4)
  A hobgoblin (D:2)
  A giant newt (D:3)
  2 goblins
  A goblin skeleton (D:4)
  A kobold (D:7)
  4 rats
22 creatures vanquished.

Notes
Turn   | Place    | Note
--------------------------------------------------------------
     0 | D:1      | 4tharraofdagon, the Troll Gladiator, began the quest for the Orb.
     0 | D:1      | Reached XP level 1. HP: 19/19 MP: 1/1
    32 | D:2      | Reached skill level 3 in Maces & Flails
    32 | D:2      | Reached XP level 2. HP: 16/28 MP: 1/1
   285 | D:5      | Entered Level 5 of the Dungeon
   304 | D:5      | Reached XP level 3. HP: 13/35 MP: 2/2
   314 | D:5      | Reached XP level 4. HP: 18/44 MP: 2/2
   404 | D:7      | Reached skill level 4 in Maces & Flails
   411 | D:7      | Found a staircase to the Ecumenical Temple.
   413 | D:7      | Noticed a lava worm
   415 | D:7      | Noticed a lava worm
   421 | Temple   | Entered the Ecumenical Temple
   472 | Temple   | Became a worshipper of Cheibriados the Contemplative
   528 | D:7      | Noticed a black bear
   546 | D:7      | Killed a black bear
   546 | D:7      | Reached XP level 5. HP: 50/50 MP: 2/2
   590 | D:7      | Noticed an ice beast
   608 | D:7      | Killed an ice beast
   608 | D:7      | Reached skill level 1 in Invocations
   677 | D:7      | Reached XP level 6. HP: 37/59 MP: 4/4
   689 | D:7      | Noticed a centaur
   695 | D:6      | Noticed a giant frog
   698 | D:7      | Quit the game

Action                   |  1- 3 |  4- 6 || total
-------------------------+-------+-------++-------
Melee: Flail             |    42 |    49 ||    91
Throw: Throwing net      |     1 |     2 ||     3
  Use: Scroll            |       |     1 ||     1
       Potion            |       |     1 ||     1
 Stab: Held in net/web   |       |     1 ||     1
